 Dungeon Crawl Stone Soup version 0.28-a0-1510-gd0f6b136d3 (webtiles) character file.

Game seed: 8225371302992461572

398 oldriver the Skirmisher (level 7, 0/66 HPs)
             Began as a Formicid Chaos Knight on Jan 14, 2022.
             Was a Plaything of Xom.
             Slain by a chaos spawn (11 damage)
             ... summoned by Xom
             ... on level 3 of the Dungeon.
             The game lasted 00:02:55 (3169 turns).

oldriver the Skirmisher (Formicid Chaos Knight)     Turns: 3169, Time: 00:02:56

Health: 0/66       AC: 23    Str: 18    XL:     7   Next: 10%
Magic:  7/7        EV:  2    Int: 10    God:    Xom [......]
Gold:   58         SH:  0    Dex:  8    Spells: 6/6 levels left

rFire   + + +      SeeInvis .   f - +6 hand axe "Mynlim" {vorpal, *Rage rF+++ rN++ Dex-2}
rCold   . . .      Faith    .   (no shield)
rNeg    + + .      Spirit   .   (armour currently unavailable)
rPois   +          Reflect  .   (helmet unavailable)
rElec   .          Harm     .   (cloak currently unavailable)
rCorr   .          Rampage  .   (gloves currently unavailable)
Will    .....                   (boots currently unavailable)
Stlth   +.........              (no amulet)
HPRegen 0.21/turn               (no ring)
MPRegen 0.10/turn               (no ring)

@: tree-form
A: stationary, stasis, torment immunity, boosted hp, permanent stasis, dig
shafts and tunnels, (antennae 3), four strong arms, (deformed body),
deterioration 1, dopey 1, frail 2
a: Renounce Religion


You were on level 3 of the Dungeon.
You worshipped Xom.
You were a very special plaything of Xom.
You were a tree.
You visited 1 branch of the dungeon, and saw 3 of its levels.

You collected 58 gold pieces.

Inventory:

Hand Weapons
 a - a +1 hand axe of chaos
 f - the +6 hand axe "Mynlim" (weapon) {vorpal, *Rage rF+++ rN++ Dex-2}
   (You found it on level 3 of the Dungeon)

   It inflicts extra damage upon your enemies.
   Dex:       It affects your dexterity (-2).
   rF:        It renders you almost immune to fire.
   rN:        It greatly protects you from negative energy.
   *Rage:     It berserks you when you make melee attacks (+20% chance).
Armour
 b - a +2 leather armour (melded)
Jewellery
 d - a ring of fire
 j - a ring of ice
Scrolls
 e - a scroll of fog
 k - a scroll of holy word
Potions
 c - a potion of magic {unknown}
 h - a potion of lignification


   Skills:
 + Level 4.9 Fighting
 + Level 4.5 Axes
 + Level 4.2 Armour
 + Level 3.0 Dodging


You had 6 spell levels left.
You didn't know any spells.
Your spell library contained the following spells:

 Spells                   Type           Power      Damage    Failure   Level
 Sublimation of Blood     Necr           0%         N/A       50%         2
 Wereblood                Tmut           0%         N/A       50%         2
 Ozocubu's Armour         Ice            0%         N/A       75%         3
 Ozocubu's Refrigeration  Ice            0%         4d5       100%        7
 Summon Hydra             Summ           0%         N/A       100%        7


Dungeon Overview and Level Annotations

Branches:
Dungeon (3/15)

Altars:
Makhleb
Trog

Shops:
D:2 [[(==

Annotations:
D:3 1 runed translucent door, Crazy Yiuf


Innate Abilities, Weirdness & Mutations

You are a tree.
Your roots penetrate the ground, keeping you stationary.
You cannot be teleported.
You are immune to unholy pain and torment.
Your maximum health is greatly increased.
Your equipment is partially melded.
You cannot be hasted, slowed, berserked, paralysed or teleported.
You can dig through walls and to a lower floor.
((You have a pair of large antennae on your head. (SInv)))
Your four strong arms can wield two-handed weapons with a shield.
((Armour fits poorly on your strangely shaped body.))
Your body sometimes deteriorates upon taking damage.
You are dopey. (Int -2)
You are very frail. (-20% HP)


Message History

The ufetubus hits you. The iron imp hits you.
The ufetubus hits you but does no damage.
The ufetubus closely misses you.
Unknown command.
You hit the iron imp.
The iron imp is heavily wounded.
You hit the ufetubus. The ufetubus hits you. The ufetubus closely misses you.
The iron imp hits you!
Unknown command.
You miss the ufetubus.
The ufetubus is almost dead.
You barely miss the iron imp. The ufetubus closely misses you.
The ufetubus hits you. The iron imp closely misses you.
The ufetubus hits you. x2
Unknown command.
As you read the scroll labelled YKAR IRID KUSSIE, it crumbles to dust.
The scroll dissolves into smoke.
It was a scroll of fog.
The ufetubus barely misses you. x2
As you read the scroll labelled BYEHEICW DIURARURPH, it crumbles to dust.
It is a scroll of enchant weapon.
Your +0 hand axe of chaos glows red for a moment.
The ufetubus hits you but does no damage. x2
The ufetubus hits you. The ufetubus barely misses you.
As you read the scroll labelled ACKIOTHR EBBU, it crumbles to dust.
It is a scroll of identify.
k - a scroll of holy word The ufetubus closely misses you.
The ufetubus hits you. The chaos spawn hits you.
* * * LOW HITPOINT WARNING * * *
The chaos spawn shocks you.
* * * LOW HITPOINT WARNING * * *
It was a potion of lignification.
You turn into a tree.
Your +2 leather armour melds into your body.
Your roots penetrate the ground.
Xom thinks this is hilarious!
The ufetubus hits you but does no damage. x2
The iron imp summons a swarm of flies.
The ufetubus hits you but does no damage. x2
The chaos spawn hits you!
You die...
Xom yawns loudly!

..##.#####.#########
...........# #.#
#.########## #.# #.#
#.# #.# #.# #.# #.#
#.# #§# ..# #5#
#.##############♣#
#..†..........54§#
##################


You could see a chaos spawn (summoned), an iron imp (summoned) and an ufetubus
(summoned).

Vanquished Creatures
  Sigmund (D:3)
  Jessica (D:3)
  Terence (D:3)
  An orc wizard (D:3)
  Natasha (thrice) (D:2)
  A hound skeleton (D:2)
  An adder (D:3)
  A worm (D:2)
  A dart slug (D:1)
  4 orcs (D:3)
  2 bats
  5 endoplasms
  3 giant cockroaches
  8 goblins
  6 hobgoblins
  2 quokkas
  7 ball pythons
  3 frilled lizards
  5 kobolds
  5 rats
61 creatures vanquished.

Vanquished Creatures (others)
  A fungus (D:1)
1 creature vanquished.

Grand Total: 62 creatures vanquished

Notes
Turn   | Place    | Note
-------+----------+-------------------------------------------
     0 | D:1      | oldriver the Formicid Chaos Knight began the quest for the
                  | Orb.
     0 | D:1      | Reached XP level 1. HP: 18/18 MP: 1/1
    16 | D:1      | XOM: divination: detect items
    57 | D:1      | XOM: smoke on damage
    61 | D:1      | Reached skill level 1 in Dodging
   123 | D:1      | Reached XP level 2. HP: 24/24 MP: 2/2
   427 | D:1      | Found a faded altar of an unknown god.
   444 | D:1      | XOM: give mutations
   444 | D:1      | Gained mutation: Your body sometimes deteriorates upon
                  | taking damage. [Xom's mischief]
   444 | D:1      | Gained mutation: You are frail. (-10% HP) [Xom's mischief]
   444 | D:1      | Gained mutation: You are very frail. (-20% HP) [Xom's
                  | mischief]
   467 | D:1      | Reached XP level 3. HP: 23/23 MP: 3/3
  1081 | D:2      | Found Xyraug's Armour Emporium.
  1084 | D:2      | Noticed Natasha
  1085 | D:2      | XOM: chaos cloud
  1094 | D:2      | Killed Natasha
  1095 | D:2      | Reached XP level 4. HP: 18/29 MP: 4/4
  1136 | D:2      | Noticed Natasha
  1154 | D:2      | Killed Natasha
  1291 | D:2      | Found Ceumeej's Jewellery Shop.
  1327 | D:2      | XOM: give mutations
  1327 | D:2      | Gained mutation: You are dopey. (Int -2) [Xom's mischief]
  1327 | D:2      | Gained mutation: Armour fits poorly on your strangely
                  | shaped body. [Xom's mischief]
  1338 | D:2      | Found a bloodstained altar of Trog.
  1380 | D:2      | Reached XP level 5. HP: 33/33 MP: 5/5
  1396 | D:2      | Noticed Natasha
  1402 | D:2      | XOM: smoke on damage
  1402 | D:2      | XOM: butterfly on damage
  1405 | D:2      | Killed Natasha
  1718 | D:2      | Found Buleore's Armour Shop.
  1790 | D:2      | Found Fosiaf's Jewellery Emporium.
  1822 | D:2      | Found Uchotor's Weapon Emporium.
  1852 | D:2      | XOM: stat loss: -1 Str (17/18)
  2056 | D:3      | Found a burning altar of Makhleb.
  2090 | D:3      | Noticed Terence
  2092 | D:3      | Noticed Jessica
  2095 | D:3      | Killed Jessica
  2107 | D:3      | Killed Terence
  2362 | D:3      | Reached XP level 6. HP: 39/39 MP: 6/6
  2929 | D:3      | Identified the +6 hand axe "Mynlim" {vorpal, *Rage rF+++
                  | rN++ Dex-2}
  2958 | D:3      | Found a runed translucent door.
  2959 | D:3      | Noticed Crazy Yiuf
  2992 | D:3      | Noticed Sigmund
  3003 | D:3      | Killed Sigmund
  3004 | D:3      | Reached XP level 7. HP: 28/44 MP: 7/7
  3161 | D:3      | XOM: summons 4 hostile demons
  3162 | D:3      | Noticed a chaos spawn
  3169 | D:3      | Slain by a chaos spawn

Illustrated notes

Levels and vault maps discovered:
D:1:      minmay_arrival_up_and_down, layout_loops_ring,
          shapermc_ecumenical_altar_acropolis
D:2:      layout_rooms, basic_altar, serial_shops, nicolae_lakefront_shop,
          nicolae_shop_stone, nicolae_shop_behind_doors, nicolae_lakefront_shop,
          nicolae_diamond_shop, st_stairs_5, uniq_natasha
D:3:      layout_loops_ring, bloody_makhleb, serial_rivers,
          chequers_serial_rivers_micro_c, chequers_serial_rivers_large_a,
          chequers_serial_rivers_marsh, chequers_serial_rivers_room_b,
          uniq_sigmund, uniq_terence, uniq_jessica, uniq_crazy_yiuf_cottage

Skill      XL: |  1  2  3  4  5  6 |
---------------+-------------------+-----
Dodging        | 1 2 3 |  3.0
Armour         | 3 4 |  4.2
Fighting       | 4 |  4.9
Axes           | 4 |  4.5

Action                   |  1- 3 |  4- 6 |  7- 9 || total
-------------------------+-------+-------+-------++-------
Melee: Hand axe          |    79 |   126 |     4 ||   209
       Punch             |     1 |     1 |       ||     2
  Use: Potion            |       |     2 |     1 ||     3
       Scroll            |       |       |     3 ||     3
 Stab: Paralysed         |     2 |       |       ||     2
Armor: Leather armour    |    27 |    30 |     4 ||    61
       Skin              |       |       |     4 ||     4
Dodge: Dodged            |    40 |    77 |     8 ||   125

Table legend: (Time is in decaauts)
 A = Elapsed time spent in this place.
 B = Non-inter-level travel time spent in this place.
 C = Inter-level travel time spent in this place.
 D = Time resting spent in this place.
 E = Time spent auto-exploring this place.
 F = Levels seen in this place.
 G = Mean time per level.
                   A        B        C        D        E       F      G
               +--------+--------+--------+--------+--------+-----+--------+
         Total |   3204 |   3159 |     45 |    681 |   1983 |   3 | 1068.0 |
       Dungeon |   3204 |   3159 |     45 |    681 |   1983 |   3 | 1068.0 |
               +--------+--------+--------+--------+--------+-----+--------+

Top non-repeatable levels by time:
     D:3: 1270 daAuts
     D:2: 1270 daAuts
     D:1: 663 daAuts
